 Dungeon Crawl Stone Soup version 0.29.1-12-g30fa7ad0bf (webtiles) character file.

Game seed: 5252837490628908637

163 Jushak the Shield-Bearer (level 5, -3/42 HPs)
             Began as a Formicid Fighter on Jan 12, 2023.
             Slain by Edmund
             ... wielding a +2 dire flail of holy wrath
              (6 damage)
             ... on level 4 of the Dungeon.
             The game lasted 00:04:10 (2308 turns).

Jushak the Shield-Bearer (Formicid Fighter)         Turns: 2308, Time: 00:04:11

Health: -3/42      AC:  8    Str: 20    XL:     5   Next: 72%
Magic:  5/5        EV:  9    Int: 10    God:
Gold:   110        SH:  5    Dex: 13    Spells: 4/4 levels left

rFire   . . .      SeeInvis +   a - +0 war axe
rCold   . . .      Faith    .   c - +0 buckler
rNeg    . . .      Spirit   .   b - +0 scale mail
rPois   .          Reflect  .   (helmet unavailable)
rElec   .          Harm     .   h - +0 cloak
rCorr   .          Rampage  .   (no gloves)
Will    .....                   (no boots)
Stlth   ..........              (no amulet)
HPRegen 0.14/turn               (no ring)
MPRegen 0.09/turn               (no ring)

@: no status effects
A: permanent stasis, dig shafts and tunnels, antennae 3, four strong arms
a: Dig, Shaft Self


You were on level 4 of the Dungeon.
You visited 1 branch of the dungeon, and saw 4 of its levels.

You collected 110 gold pieces.

Inventory:

Hand Weapons
 a - a +0 war axe (weapon)
Armour
 b - a +0 scale mail (worn)
 c - a +0 buckler (worn)
 h - a +0 cloak (worn)
Jewellery
 g - a ring of flight
Scrolls
 e - 7 scrolls of identify {unknown}
 f - a scroll of noise {unknown}
Potions
 d - a potion of might
 i - 2 potions of curing {unknown}


   Skills:
 + Level 4.1 Fighting
 * Level 3.7 Axes
 + Level 4.1 Armour
 + Level 5.0 Shields


You had 4 spell levels left.
You didn't know any spells.
Your spell library contained the following spells:

 Spells                   Type           Power      Damage    Failure   Level
 Slow                     Hex            0%         N/A       77%         1
 Confusing Touch          Hex            0%         N/A       98%         3
 Vampiric Draining        Necr           0%         2d6       98%         3


Dungeon Overview and Level Annotations

Branches:
Dungeon (4/15)
 Temple: D:4-7

Altars:
Hepliaklqana

Shops:
D:1 [   D:4 [

Annotations:
D:2 Sigmund
D:4 Edmund


Innate Abilities, Weirdness & Mutations

You cannot be hasted, slowed, berserked, paralysed or teleported.
You can dig through walls and to a lower floor.
You have a pair of large antennae on your head. (SInv)
Your four strong arms can wield two-handed weapons with a shield.


Message History

You barely miss Edmund.
Edmund is lightly wounded.
You closely miss the necrophage. Edmund barely misses you.
The necrophage hits you but does no damage.
You hit Edmund.
Edmund is lightly wounded.
You slash the necrophage! You block Edmund's attack.
The necrophage hits you but does no damage.
Edmund barely misses you.
The necrophage hits you but does no damage.
You hit Edmund but do no damage.
Edmund is lightly wounded.
You hit the necrophage.
You destroy the necrophage!
Edmund hits you with a +2 dire flail of holy wrath!
Your life force feels restored.
Your Fighting skill increases to level 4!
Your Armour skill increases to level 4!
Your Shields skill increases to level 5!
You slash Edmund!
Edmund is heavily wounded.
You block Edmund's attack.
You slash Edmund!
Edmund is heavily wounded.
Edmund hits you with a +2 dire flail of holy wrath!
* * * LOW HITPOINT WARNING * * *
You block Edmund's attack.
You barely miss Edmund.
Edmund is heavily wounded.
Edmund barely misses you.
You hit Edmund.
Edmund is severely wounded.
Edmund says, "People think my brother is the best.
I think he's crazy."
Edmund hits you with a +2 dire flail of holy wrath.
* * * LOW HITPOINT WARNING * * *
You block Edmund's attack.
You slash Edmund!
Edmund is severely wounded.
Edmund hits you with a +2 dire flail of holy wrath.
You die...

..... ..+
#.....##...# ...#
##.....##...###...#
.......#..8......#
#......#.........#
##......#8.<.8....#
+...... #.........#
#..@.# #..∩.##...#
#...@###....##...#
#:......8†>.8.....
#...........#....
............8.#.....
...............#
....
..############+# ..#
# ###


You could see Edmund.

Vanquished Creatures
  A necrophage (D:4)
  4 adders
  2 worms (D:3)
  2 dart slugs
  2 orcs (D:3)
  4 endoplasms
  A giant cockroach (D:1)
  6 goblins
  6 hobgoblins
  2 jackals (D:1)
  4 kobolds
  2 quokkas
  6 ball pythons
  4 bats (D:3)
  2 frilled lizards
  6 rats (D:1)
54 creatures vanquished.

Notes
Turn   | Place    | Note
-------+----------+-------------------------------------------
     0 | D:1      | Jushak the Formicid Fighter began the quest for the Orb.
     0 | D:1      | Reached XP level 1. HP: 18/18 MP: 1/1
    67 | D:1      | Reached XP level 2. HP: 20/24 MP: 2/2
   325 | D:1      | Reached XP level 3. HP: 24/29 MP: 3/3
   451 | D:1      | Found Kiare's Antique Armour Emporium.
   805 | D:2      | Noticed Sigmund
  1220 | D:3      | Reached XP level 4. HP: 37/37 MP: 4/4
  1507 | D:3      | Found a hazy altar of Hepliaklqana.
  2278 | D:4      | Found Ubbealli's Antique Armour Shop.
  2289 | D:4      | Reached XP level 5. HP: 42/42 MP: 5/5
  2294 | D:4      | Noticed Edmund
  2304 | D:4      | Reached skill level 5 in Shields
  2308 | D:4      | Slain by Edmund

Illustrated notes

Levels and vault maps discovered:
D:1:      kennysheep_arrival_forest, layout_basic, serial_shops,
          nicolae_shop_stone
D:2:      layout_basic, uniq_sigmund, uniq_robin
D:3:      layout_loops_ring, nicolae_hepliaklqana_hippocampus
D:4:      layout_gridville, serial_shops, nicolae_stop_n_shop_2, minmay_unequal,
          uniq_edmund

Skill      XL: |  1  2  3  4  5 |
---------------+----------------+-----
Axes           | 3 |  3.7
Fighting       | 4 |  4.1
Armour         | 4 |  4.1
Shields        | 5 |  5.0

Action                   |  1- 3 |  4- 6 || total
-------------------------+-------+-------++-------
Melee: War axe           |    90 |    78 ||   168
 Abil: Dig               |     1 |       ||     1
Armor: Scale mail        |    49 |    46 ||    95
Dodge: Dodged            |    48 |    32 ||    80
Block: Buckler           |    24 |    18 ||    42
